 Dungeon Crawl Stone Soup version 0.21-a0-243-g597973d (webtiles) character file.

43 tidbits the Skirmisher (level 3, -6/30 HPs)
             Began as a Demigod Wanderer on Sept 4, 2017.
             Mangled by Natasha (8 damage)
             ... on level 2 of the Dungeon.
             The game lasted 00:02:25 (358 turns).

tidbits the Skirmisher (Demigod Wanderer)            Turns: 358, Time: 00:02:26

Health: -6/30      AC:  8    Str: 15    XL:     3   Next: 20%
Magic:  5/5        EV: 10    Int: 17    God:
Gold:   8          SH:  0    Dex: 16    Spells: 2/2 levels left

rFire    . . .     SeeInvis .   d - +0 club
rCold    . . .     Gourm    .   (no shield)
rNeg     . . .     Faith    .   a - +2 scale mail
rPois    .         Spirit   .   (no helmet)
rElec    .         Reflect  .   (no cloak)
rCorr    .         Harm     .   (no gloves)
MR       .....                  (no boots)
Stlth    +.........             (no amulet)
HPRegen  0.10/turn              (no ring)
MPRegen  0.09/turn              (no ring)

@: no status effects
A: high mp 1
a: no special abilities


You were on level 2 of the Dungeon.
You were not hungry.

You visited 1 branch of the dungeon, and saw 2 of its levels.

You collected 8 gold pieces.

Inventory:

Hand Weapons
 d - a +0 club (weapon)
 e - a +0 dagger
 l - a +0 spear
Missiles
 j - 30 arrows
Armour
 a - a +2 scale mail (worn)
Scrolls
 b - a scroll of teleportation
 i - a scroll of enchant weapon {unknown}
 k - a scroll of random uselessness {unknown}
 m - a scroll of identify {unknown}
 n - a scroll of remove curse {unknown}
Potions
 c - a potion of lignification
 h - a potion of ambrosia {unknown}
 o - a potion of heal wounds {unknown}
Comestibles
 f - 2 bread rations


   Skills:
 + Level 2.4 Fighting
   Level 1.0 Crossbows
 - Level 1.0 Throwing
 - Level 1.7 Armour
 - Level 1.9 Dodging
 - Level 1.8 Stealth
 - Level 2.0 Unarmed Combat


You had 2 spell levels left.
You didn't know any spells.

Dungeon Overview and Level Annotations

Branches:
Dungeon (2/15)

Annotations:
D:2 Natasha


Innate Abilities, Weirdness & Mutations

You have an increased reservoir of magic. (+10% MP)


Message History

The crimson imp blinks!
You hit the crimson imp.
The crimson imp is lightly wounded.
The crimson imp hits you but does no damage.
You closely miss the crimson imp. Your punch misses the crimson imp.
Natasha mewls in sadness.
The crimson imp hits you but does no damage.
The crimson imp barely misses you.
The crimson imp blinks! x2
Throwing (i - inventory):
g - 3 poisoned javelins (quivered)
Press: ? - help, Shift-Dir - straight line, f - Natasha
Aim: Natasha You throw a poisoned javelin.
The poisoned javelin closely misses Natasha.
The crimson imp laughs crazily.
The crimson imp hits you. Natasha claws you but does no damage.
The crimson imp hits you but does no damage.
Throwing (i - inventory):
g - 2 poisoned javelins (quivered)
Press: ? - help, Shift-Dir - straight line, f/p - Natasha
Aim: Natasha You throw a poisoned javelin.
The poisoned javelin closely misses Natasha.
Natasha closely misses you.
The crimson imp blinks!
The crimson imp lashes its tail.
The crimson imp hits you but does no damage.
The crimson imp blinks!
Throwing (i - inventory):
g - a poisoned javelin (quivered)
Press: ? - help, Shift-Dir - straight line, f/p - Natasha
Aim: Natasha You throw a poisoned javelin.
The poisoned javelin hits Natasha but does no damage.
The crimson imp disappears in a puff of smoke!
Natasha claws you but does no damage.
The crimson imp hits you but does no damage.
Natasha stares at you and mumbles some strange words.
You resist with some effort. The crimson imp hits you.
Okay, then.
You closely miss Natasha. Natasha claws you.
The crimson imp hits you but does no damage.
You hit Natasha.
Natasha is lightly wounded.
Natasha claws you.
* * * LOW HITPOINT WARNING * * *
The crimson imp misses you.
Natasha howls an incantation.
Natasha shimmers violently.
Natasha claws you.
* * * LOW HITPOINT WARNING * * *
You barely miss Natasha.
Natasha is lightly wounded.
The crimson imp closely misses you.
The crimson imp blinks!
Natasha claws you but does no damage. The crimson imp barely misses you.
You hit Natasha.
Natasha is moderately wounded.
Natasha claws you.
* * * LOW HITPOINT WARNING * * *
The crimson imp hits you but does no damage.
You miss Natasha.
Natasha is moderately wounded.
Natasha barely misses you. The crimson imp hits you.
* * * LOW HITPOINT WARNING * * *
The crimson imp shouts, "Go and return not, thou cockered doghearted wagtail!"
You hit Natasha.
Natasha is heavily wounded.
Natasha barely misses you.
The crimson imp hits you but does no damage.
Natasha casts a spell at you. You resist with some effort.
The crimson imp puffs mist at you. The crimson imp closely misses you.
You barely miss Natasha.
Natasha is heavily wounded.
Natasha casts a spell at you. The magic dart hits you!
* * * LOW HITPOINT WARNING * * *
The crimson imp hits you.
* * * LOW HITPOINT WARNING * * *
Your scale mail prevents you from hitting Natasha.
Natasha is heavily wounded.
The crimson imp disappears in a puff of smoke! x2
Natasha closely misses you.
You hit Natasha.
Natasha is severely wounded.
Natasha claws you.
* * * LOW HITPOINT WARNING * * *
Natasha mumbles some strange words.
Your scale mail prevents you from hitting Natasha.
Natasha is severely wounded.
Natasha casts a spell.
You hit Natasha.
Natasha is almost dead.
Natasha claws you but does no damage.
You barely miss Natasha.
Natasha is almost dead.
Natasha casts a spell.
Natasha claws you.
* * * LOW HITPOINT WARNING * * *
You closely miss Natasha.
Natasha is almost dead.
Natasha claws you!
You die...

#.# #.# #.# #.. #.# ... #.#
#.# #####.# #!# # #.....#
#.## ## #.#.#.# #..##
.###.....##########...####.
.'..............@h5........#
.###.....#########55..###.##
## ###†### #.#.## # #.#
.....# #.# ##.##.# #.# #..
.# #.# ##. .# #.# . .# #.#
..


You could see Natasha, a crimson imp, a white imp and a shadow imp.

Vanquished Creatures
  Natasha (D:2)
  A dart slug (D:1)
  A ball python (D:2)
  5 bats (D:1)
  A giant cockroach (D:1)
  3 goblins
  2 frilled lizards (D:1)
  2 kobolds (D:1)
  2 rats (D:1)
18 creatures vanquished.

Notes
Turn   | Place    | Note
-------+----------+-------------------------------------------
     0 | D:1      | tidbits the Demigod Wanderer began the quest for the Orb.
     0 | D:1      | tidbits set off with: a +2 scale mail, a scroll of teleportation, a potion of lignification, a +0 club, a +0 dagger, a bread ration
     0 | D:1      | Reached XP level 1. HP: 14/14 MP: 3/3
    50 | D:1      | Reached skill level 2 in Unarmed Combat
    95 | D:1      | Reached skill level 1 in Fighting
   119 | D:1      | Reached XP level 2. HP: 9/23 MP: 4/4
   271 | D:2      | Noticed Natasha
   277 | D:2      | Killed Natasha
   277 | D:2      | Reached skill level 2 in Fighting
   277 | D:2      | Reached XP level 3. HP: 17/30 MP: 5/5
   327 | D:2      | Noticed Natasha
   354 | D:2      | HP: 3/30 [Natasha (2)]
   358 | D:2      | Mangled by Natasha

Vault maps used:
D:1:      lightli_arrival_lavapool, minivault_11, minmay_liquid_box,
          minmay_small_reverse_x
D:2:      cheibriados_altar_1, first_bread, nemelex_dance_club_becter,
          uniq_natasha

Skill      XL: |  1  2 |
---------------+-------+-----
Unarmed Combat | 2 |  2.0
Fighting       | 1 2 |  2.4
Crossbows      | |  1.0
Throwing       | |  1.0
Armour         | |  1.7
Dodging        | |  1.9
Stealth        | |  1.8

Action                   || total
-------------------------++-------
Melee: Club              ||    88
Throw: Javelin           ||    11
Armor: Scale mail        ||    62
Dodge: Dodged            ||    75

Table legend:
 A = Spawn XP
 B = Non-spawn XP
 C = Spawn XP percentage of total XP
 D = Spawn monster count
 E = Non-spawn monster count
 F = Spawn count percentage of total count
 G = Total turns spent on level
                    A         B        C        D         E        F      G
               +---------+---------+-------+---------+---------+-------+---------
         Total |       1 |      61 |   1.6 |       1 |      17 |   5.6 |   358
               +---------+---------+-------+---------+---------+-------+---------
           D:1 |       1 |      22 |   4.3 |       1 |      14 |   6.7 |   250
           D:2 |       0 |      39 |   0.0 |       0 |       3 |   0.0 |   108
               +---------+---------+-------+---------+---------+-------+---------

Table legend:
 A = Turns spent in this place as a percentage of turns spent in the entire game.
 B = Non-inter-level travel turns spent in this place as a percentage of non-inter-level travel turns spent in the entire game.
 C = Inter-level travel turns spent in this place as a percentage of turns spent in this place.
 D = Turns resting spent in this place as a percentage of non-inter-level travel turns spent in this place.
 E = Turns spent auto-exploring this place as a percentage of non-inter-level travel turns spent in this place.
 F = Non-inter-level travel turns spent in this place divided by the number of levels of this place that you've seen.
                   A       B       C       D       E      F
               +-------+-------+-------+-------+-------+----------------------
         Total | 100.0 | 100.0 |   0.0 |   0.0 |   0.0 | 179.0
       Dungeon | 100.0 | 100.0 |   0.0 |   0.0 |   0.0 | 179.0
               +-------+-------+-------+-------+-------+----------------------

Table legend:
 A = Kills in this place as a percentage of kills in entire the game.
 B = Kills by you in this place as a percentage of kills by you in the entire game.
 C = Kills by friends in this place as a percentage of kills by friends in the entire game.
 D = Other kills in this place as a percentage of other kills in the entire game.
 E = Experience gained in this place as a percentage of experience gained in the entire game.
 F = Experience gained in this place divided by the number of levels of this place that you have seen.
                   A       B       C       D       E      F
               +-------+-------+-------+-------+-------+----------------------
         Total | 100.0 | 100.0 |   N/A |   N/A | 100.0 |  31.0
       Dungeon | 100.0 | 100.0 |   N/A |   N/A | 100.0 |  31.0
               +-------+-------+-------+-------+-------+----------------------

Vault maps used:
D:1:      lightli_arrival_lavapool, minivault_11, minmay_liquid_box,
          minmay_small_reverse_x
D:2:      cheibriados_altar_1, first_bread, nemelex_dance_club_becter,
          uniq_natasha
